 Dungeon Crawl Stone Soup version 0.31-a0-83-gbff143cfd1 (webtiles) character file.

Game seed: 4582613898701813926

30 Esekla the Sneak (level 3, 26/26 HPs)
             Began as an Octopode Delver on May 24, 2023.
             Quit the game in the Ecumenical Temple.
             The game lasted 00:01:53 (199 turns).

Esekla the Sneak (Octopode Delver)                   Turns: 199, Time: 00:01:54

Health: 26/26      AC:  1    Str: 11    XL:     3   Next: 18%
Magic:  3/3        EV: 13    Int: 14    God:
Gold:   0          SH:  0    Dex: 13    Spells: 3/3 levels left

rFire   . . .        a - +0 falchion
rCold   . . .        (no shield)
rNeg    . . .        (helmet restricted)
rPois   .            i - amulet of guardian spirit
rElec   .            (no ring)
rCorr   .            (no ring)
SInv    .            (no ring)
Will    .....        (no ring)
Stlth   ++++         (no ring)
HPRegen 0.24/turn    (no ring)
MPRegen 0.08/turn    (no ring)
                     (no ring)

%: guardian spirit
@: no status effects
A: almost no armour, amphibious, 8 rings, camouflage 1, gelatinous body 1,
(nimble swimmer 1), tentacles
a: no special abilities


You were in the Ecumenical Temple.
You visited 2 branches of the dungeon, and saw 2 of its levels.

Inventory:

Hand Weapons
 a - a +0 falchion (weapon)
Missiles
 c - 4 javelins (quivered)
Jewellery
 i - an amulet of guardian spirit (around mantle)
Wands
 f - a wand of digging (3)
Scrolls
 b - a scroll of fog
 g - a scroll of enchant weapon {unknown}
 h - a scroll of enchant armour {unknown}
Potions
 e - a potion of haste


   Skills:
 * Level 3.2 Fighting
 * Level 2.2 Long Blades
 * Level 2.2 Dodging
 + Level 7.2 Stealth
 * Level 0.5 Spellcasting


You had 3 spell levels left.
You didn't know any spells.
Your spell library was empty.

Dungeon Overview and Level Annotations

Branches:
Dungeon (5/15)             Temple (1/1) D:5

Altars:
Elyvilon
Fedhas
Kikubaaqudgha
Makhleb
Nemelex Xobeh
Qazlal
Sif Muna
Trog
Uskayaw
Vehumet
Wu Jian
Xom
Yredelemnul
The Shining One


Innate Abilities, Weirdness & Mutations

You cannot wear most types of armour.
You are amphibious.
You can wear up to eight rings at the same time.
Your skin changes colour to match your surroundings (Stealth+).
Your rubbery body absorbs attacks. (AC +1, EV +1)
((You are camouflaged when in or above water. (Stealth+)))
You have tentacles for arms and can constrict up to eight enemies at once.


Message History

Your attack snaps the orc out of its fear.
You grab the orc.
The orc is heavily wounded.
You constrict the orc, but do no damage.
The orc hits you with a +0 falchion.
You hit the orc.
You tentacle-slap the orc, but do no damage.
The orc is heavily wounded.
You constrict the orc, but do no damage.
The orc barely misses you.
You hit the orc.
You kill the orc!
Found a staircase to the Ecumenical Temple.
Things that are here:
a +0 falchion; a +0 leather armour; an orc corpse You hit the orc.
Your attack snaps the orc out of its fear.
You grab the orc.
The orc is almost dead.
You constrict the orc.
You kill the orc!
Things that are here:
a +0 club; a +0 leather armour; an orc corpse
Found a scroll labelled ONOUSY KUM SUT.
There is a staircase to the Ecumenical Temple here.
You climb downwards.
Welcome to the Ecumenical Temple!
Reactivating autopickup.
Found four altars.
There is a staircase back to the Dungeon here.
Found three altars.
Found a basalt altar of Yredelemnul and a bloodstained altar of Trog.
There is a sparkling altar of Nemelex Xobeh here.
There is a staircase back to the Dungeon here.
Found three altars.
Found a shimmering blue altar of Sif Muna and a burning altar of Makhleb.
Done exploring.
Search for what [? for help]?
Gozag Can't find anything matching that.
Unknown command.
Are you sure you want to abandon this character and quit the game? (Confirm with "yes".)

######### ###
###.......### ###..
##..._..._...###..._
#.............#.....
##...........###....
###..._............
##...........###....
#..@..........#.....
##..._..._...###..._
###.......### ###..
######### ###


There were no monsters in sight!

Vanquished Creatures
  A sleepcap (D:5)
  2 orcs (D:5)
3 creatures vanquished.

Notes
Turn   | Place    | Note
-------+----------+-------------------------------------------
     0 | D:5      | Esekla the Octopode Delver began the quest for the Orb.
     0 | D:5      | Reached XP level 1. HP: 16/16 MP: 1/1
    13 | D:5      | Noticed a sleepcap
    32 | D:5      | Noticed an iguana
   121 | D:5      | Noticed an orc wizard
   127 | D:5      | Killed a sleepcap
   128 | D:5      | Reached skill level 7 in Stealth
   128 | D:5      | Reached XP level 2. HP: 21/21 MP: 2/2
   128 | D:5      | Reached XP level 3. HP: 26/26 MP: 3/3
   133 | D:5      | Found a staircase to the Ecumenical Temple.
   144 | Temple   | Entered the Ecumenical Temple
   199 | Temple   | Quit the game

Illustrated notes

Levels and vault maps discovered:
D:5:      layout_basic, minmay_temple_entry_statues, serial_bayou,
          serial_bayou_pond_a, serial_bayou_pond_e, serial_bayou_pond_c,
          serial_bayou_pond_e, hangedman_decor_growths
Temple:   zaba_magenta_temple

Skill      XL: |  1 |
---------------+----+-----
Stealth        | 7 |  7.2
Fighting       | |  3.2
Long Blades    | |  2.2
Dodging        | |  2.2
Spellcasting   | |  0.5

Action                     || total
---------------------------++-------
  Melee: Falchion          ||    10
         Tentacles         ||     3
         Constrict         ||     4
         Punch             ||     1
    Use: Scroll            ||     2
  Dodge: Dodged            ||     7

Table legend: (Time is in decaauts)
 A = Elapsed time spent in this place.
 B = Non-inter-level travel time spent in this place.
 C = Inter-level travel time spent in this place.
 D = Time resting spent in this place.
 E = Time spent auto-exploring this place.
 F = Levels seen in this place.
 G = Mean time per level.
                   A        B        C        D        E       F      G
               +--------+--------+--------+--------+--------+-----+--------+
         Total |    200 |    200 |      0 |      0 |     50 |   2 |  100.0 |
       Dungeon |    145 |    145 |      0 |      0 |      0 |   1 |  145.0 |
        Temple |     54 |     54 |      0 |      0 |     50 |   1 |   54.0 |
               +--------+--------+--------+--------+--------+-----+--------+

Top non-repeatable levels by time:
     D:5: 145 daAuts
  Temple: 54 daAuts
